 Dungeon Crawl Stone Soup version 0.22-a0-618-gd6a3efe (webtiles) character file.

240 sking99 the Ruffian (level 6, 0/61 HPs)
             Began as an Ogre Transmuter on July 13, 2018.
             Killed by nerve-wracking pain
             ... invoked by an orc priest
              (11 damage)
             ... on level 4 of the Dungeon.
             The game lasted 00:06:40 (3869 turns).

sking99 the Ruffian (Ogre Transmuter)               Turns: 3869, Time: 00:06:41

Health: 0/61       AC:  3    Str: 15    XL:     6   Next: 8%
Magic:  9/10       EV: 10    Int: 14    God:
Gold:   132        SH:  0    Dex: 11    Spells: 5/11 levels left

rFire    . . .     SeeInvis .     - Unarmed
rCold    . . .     Gourm    .   (no shield)
rNeg     . . .     Faith    .   b - +0 robe
rPois    .         Spirit   .   j - +0 hat
rElec    .         Reflect  .   (no cloak)
rCorr    .         Harm     .   (gloves unavailable)
MR       .....                  (boots unavailable)
Stlth    +.........             (no amulet)
HPRegen  0.20/turn              (no ring)
MPRegen  0.12/turn              (no ring)

@: slowed, very slow
A: large, unfitting armour, tough skin 1
a: no special abilities


You were on level 4 of the Dungeon.
You were hungry.

You visited 1 branch of the dungeon, and saw 4 of its levels.

You collected 132 gold pieces.

Inventory:

Missiles
 a - 67 arrows
Armour
 b - a +0 robe (worn)
 j - a +0 hat (worn)
Jewellery
 n - an uncursed ring of see invisible {unknown}
Scrolls
 e - a scroll of identify
 i - 3 scrolls of teleportation
Potions
 c - 2 potions of might
 f - a potion of degeneration {unknown}
 h - a potion of ambrosia {unknown}
 k - a potion of magic
 l - a potion of berserk rage
 m - a potion of lignification
Comestibles
 d - 3 rations


   Skills:
 - Level 3.0 Fighting
 - Level 1.7 Dodging
 * Level 4.9 Unarmed Combat
 - Level 3.0 Spellcasting
 + Level 2.5 Transmutations
 - Level 1.0 Poison Magic


You had 5 spell levels left.
You knew the following spells:

 Your Spells              Type           Power        Failure   Level  Hunger
a - Beastly Appendage     Tmut           #.....       8%          1    #......
b - Sticks to Snakes      Tmut           #.......     11%         2    ##.....
c - Spider Form           Tmut/Pois      #.........   30%         3    ###....

Your spell library contained the following spells:

 Spells                   Type           Power        Failure   Level  Hunger
 Blade Hands              Tmut           #.........   90%         5    ######.
 Ice Form                 Ice/Tmut       #.......     77%         4    #####..


Dungeon Overview and Level Annotations

Branches:
Dungeon (4/15)
 Temple: D:4-7

Altars:


Innate Abilities, Weirdness & Mutations

You are too large for most types of armour.
You have tough skin. (AC +1)


Message History

The orc wizard completely misses you.
The orc priest begins to cast a cantrip, but forgets the words!
The orc wizard misses you.
The orc wizard hits you but does no damage.
The orc wizard casts a spell.
The orc wizard blinks!
The orc wizard barely misses you.
The orc wizard gestures at you while chanting.
The magic dart hits you!
The orc wizard mumbles some strange words.
The orc wizard blinks!
The orc wizard gestures at you while chanting.
The magic dart hits you!
The orc priest mumbles some strange prayers to Beogh against you.
Pain shoots through your body!
The orc priest invokes the aid of Beogh against you.
Pain shoots through your body!
* * * LOW HITPOINT WARNING * * *
The orc priest invokes the aid of Beogh against you.
Pain shoots through your body!
You die...

######## .
#...)@.# ..
#.####.# o# #.#
#.###########..#
#.#
#..........<)..#
#.#
#..oo.o.#####.##
#.#
#.#####.#.......
#.# #.#
#.......##. #.#
#.# ###.#####
#.# #.# .#


You could see an orc priest.

Vanquished Creatures
  A hound (D:4)
  An orc priest (D:4)
  2 orc wizards (D:4)
  2 gnolls (D:3)
  4 adders
  2 oozes
  2 worms (D:3)
  2 dart slugs (D:3)
  A leopard gecko (D:3)
  An orc (D:4)
  7 bats
  3 giant cockroaches
  5 goblins
  6 hobgoblins
  A quokka (D:2)
  8 frilled lizards
  5 kobolds
  9 rats
62 creatures vanquished.

Vanquished Creatures (collateral kills)
  A gnoll (D:3)
  A worm (D:2)
2 creatures vanquished.

Grand Total: 64 creatures vanquished

Notes
Turn   | Place    | Note
-------+----------+-------------------------------------------
     0 | D:1      | sking99 the Ogre Transmuter began the quest for the Orb.
     0 | D:1      | Reached XP level 1. HP: 19/19 MP: 3/3
   552 | D:1      | Reached skill level 3 in Unarmed Combat
   562 | D:1      | Reached XP level 2. HP: 13/28 MP: 5/5
  1381 | D:1      | Learned a level 2 spell: Sticks to Snakes
  1394 | D:2      | Reached XP level 3. HP: 21/36 MP: 3/6
  1950 | D:2      | Reached XP level 4. HP: 40/45 MP: 7/7
  1955 | D:2      | Learned a level 3 spell: Spider Form
  2423 | D:3      | Reached skill level 4 in Unarmed Combat
  2981 | D:3      | Reached XP level 5. HP: 33/53 MP: 9/9
  3849 | D:4      | Reached skill level 1 in Poison Magic
  3857 | D:4      | Reached XP level 6. HP: 33/61 MP: 7/10
  3869 | D:4      | Killed from afar by an orc priest

Vault maps used:
D:1:      dpeg_arrival_concentric_ovals
D:2:      first_ration
D:3:      cheibrodos_sewer_entry_bend
D:4:      kennysheep_mini, gammafunk_temple_overflow_elements,
          sigmund_edmund_badplayer

Skill      XL: |  1  2  3  4  5 |
---------------+----------------+-----
Unarmed Combat | 3 4 |  4.9
Fighting       | 2 3 |  3.0
Transmutations | 2 |  2.5
Poison Magic   | 1 |  1.0
Spellcasting   | 3 |  3.0
Dodging        | |  1.7

Action                   |  1- 3 |  4- 6 || total
-------------------------+-------+-------++-------
Melee: Unarmed           |   152 |   107 ||   259
       Headbutt          |     2 |     1 ||     3
       Punch             |     1 |       ||     1
       Kick              |       |     3 ||     3
 Cast: Beastly Appendage |     5 |     3 ||     8
       Sticks to Snakes  |     5 |     1 ||     6
       Spider Form       |       |     4 ||     4
  Use: Scroll            |       |     6 ||     6
 Stab: Sleeping          |       |     1 ||     1
  Eat: Chunk             |     4 |     3 ||     7
       Ration            |       |     1 ||     1
Armor: Robe              |    44 |    20 ||    64
       Skin              |       |     2 ||     2
Dodge: Dodged            |    85 |    60 ||   145

Table legend:
 A = Spawn XP
 B = Non-spawn XP
 C = Spawn XP percentage of total XP
 D = Spawn monster count
 E = Non-spawn monster count
 F = Spawn count percentage of total count
 G = Total turns spent on level
                    A         B        C        D         E        F      G
               +---------+---------+-------+---------+---------+-------+---------
         Total |       0 |     344 |   0.0 |       0 |      64 |   0.0 |  3869
               +---------+---------+-------+---------+---------+-------+---------
           D:1 |       0 |      28 |   0.0 |       0 |      20 |   0.0 |  1580
           D:2 |       0 |      66 |   0.0 |       0 |      20 |   0.0 |   742
           D:3 |       0 |      97 |   0.0 |       0 |      19 |   0.0 |  1451
           D:4 |       0 |     153 |   0.0 |       0 |       5 |   0.0 |    96
               +---------+---------+-------+---------+---------+-------+---------
